 Dungeon Crawl Stone Soup version 0.18.1-48-g4cf74bf (webtiles) character file.

161 nikopol the Skirmisher (level 5, 0/47 HPs)
             Began as a Minotaur Berserker on July 9, 2016.
             Was a Believer of Trog.
             Slain by an ogre
             ... wielding a cursed -3 giant club
              (13 damage)
             ... on level 3 of the Dungeon.
             The game lasted 00:03:53 (1737 turns).

nikopol the Skirmisher (Minotaur Berserker)         Turns: 1737, Time: 00:03:54

Health: 0/47       AC:  4    Str: 22    XL:     5   Next: 18%
Magic:  4/4        EV: 12    Int:  4    God:    Trog [**....]
Gold:   132        SH:  0    Dex: 10    Spells: 0 memorised, 4 levels left

rFire  . . .     SeeInvis .     a - +0 spear
rCold  . . .     Gourm    .     g - +0 leather armour
rNeg   . . .     Faith    .     (no shield)
rPois  .         Spirit   .     (helmet restricted)
rElec  .         Dismiss  .     (no cloak)
rCorr  .         Reflect  .     (no gloves)
SustAt .         Harm     .     q - +0 pair of boots
MR     .....                    (no amulet)
Stlth  +.........               (no ring)
                                (no ring)

@: not resistant to hostile enchantments, very unstealthy
A: retaliatory headbutt, horns 2
a: Berserk, Trog's Hand, Burn Spellbooks, Renounce Religion


You were on level 3 of the Dungeon.
You worshipped Trog.
Trog was pleased with you.
You were not hungry.

You visited 1 branch of the dungeon, and saw 3 of its levels.

You collected 132 gold pieces.

Inventory:

Hand Weapons
 a - a +0 spear (weapon)
Missiles
 h - 32 arrows (quivered)
Armour
 b - a +0 animal skin
 g - a +0 leather armour (worn)
 q - a +0 pair of boots (worn)
Scrolls
 e - a scroll of teleportation {unknown}
 j - a scroll of fog {unknown}
 l - 2 scrolls of fear {unknown}
 o - a scroll of magic mapping {unknown}
 r - a scroll of remove curse {unknown}
 t - a scroll of identify {unknown}
Potions
 i - a potion of degeneration {unknown}
 k - a potion of experience {unknown}
 m - a potion of berserk rage {unknown}
 p - a potion of magic {unknown}
 s - 2 potions of flight {unknown}
Comestibles
 c - a bread ration
 d - a beef jerky
 f - a royal jelly
 n - a meat ration
 u - 3 chunks of flesh


   Skills:
 + Level 4.7 Fighting
 + Level 4.6 Polearms
 + Level 4.0 Armour
 + Level 3.5 Dodging


You had 4 spell levels left.
You didn't know any spells.

Dungeon Overview and Level Annotations

Branches:
Dungeon (3/15)

Altars:
Fedhas
Vehumet


Innate Abilities, Weirdness & Mutations

You reflexively headbutt those who attack you in melee.
You have a pair of horns on your head.


Message History

Attack whom?
Press: ? - help, Dir - move target cursor, f - ogre
Aim: an ogre, wielding a giant club You reach to attack!
You hit the ogre.
The ogre is lightly wounded.
You hit the ogre. Your headbutt misses the ogre.
The ogre is moderately wounded.
The ogre hits you with a giant club!
You hit the ogre.
The ogre is moderately wounded.
The ogre hits you with a giant club!!
Ouch! That really hurt!
* * * LOW HITPOINT WARNING * * *
You closely miss the ogre.
You headbutt the ogre, but do no damage.
The ogre is moderately wounded.
You completely miss the ogre.
The ogre is moderately wounded.
The ogre hits you with a giant club!
You die...

###########
##.........##
##...........##
##.............##
##...............##
##.................#
##..................#
##...................#
#..............@.....#
#..............O.....#
#....................#
#....................#
#....................#
#...).<>...............
#..............).......
#...รท).................
#.............


You could see an ogre.

Vanquished Creatures
  Natasha (thrice) (D:2)
  4 gnolls (D:2)
  A dart slug (D:2)
  3 orcs (D:3)
  4 bats
  5 giant cockroaches
  3 goblins
  3 hobgoblins
  5 jackals
  2 giant newts
  5 kobolds
  7 rats
45 creatures vanquished.

Notes
Turn   | Place    | Note
--------------------------------------------------------------
     0 | D:1      | nikopol the Minotaur Berserker began the quest for the Orb.
     0 | D:1      | Reached XP level 1. HP: 19/19 MP: 0/0
    65 | D:1      | Reached XP level 2. HP: 26/26 MP: 1/1
   280 | D:1      | Reached ** piety under Trog
   551 | D:2      | Noticed Natasha
   560 | D:2      | Killed Natasha
   560 | D:2      | Reached XP level 3. HP: 13/33 MP: 2/2
   893 | D:2      | Found a radiant altar of Vehumet.
   952 | D:2      | Noticed Natasha
   954 | D:2      | Killed Natasha
   954 | D:2      | Reached XP level 4. HP: 41/41 MP: 3/3
   994 | D:2      | Noticed Natasha
   997 | D:2      | Killed Natasha
  1187 | D:2      | Found a blossoming altar of Fedhas.
  1450 | D:2      | Reached XP level 5. HP: 24/47 MP: 4/4
  1730 | D:3      | Noticed an ogre
  1737 | D:3      | Slain by an ogre

Skill      XL: |  1  2  3  4  5 |
---------------+----------------+-----
Armour         | 3 4 |  4.0
Fighting       | 4 |  4.7
Polearms       | 4 |  4.6
Dodging        | 3 |  3.5

Action                   |  1- 3 |  4- 6 || total
-------------------------+-------+-------++-------
Melee: Spear             |    75 |    47 ||   122
       Headbutt          |     8 |     5 ||    13
  Eat: Chunk             |       |     3 ||     3
Armor: Animal skin       |     2 |       ||     2
       Leather armour    |     3 |     9 ||    12
Dodge: Dodged            |    36 |    23 ||    59
